Workbook
Name AID: [1]Lists!$B$2:$B$5
Name Apr_16: [2]Master!#REF!
Name CDELFTJANFO: '[3]CDEL FT - Jan FO'!$G$12:$I$42
Name CDELFTSEPFO: '[3]CDEL FT - Sept FO'!$F$4:$H$38
Name CDELJANFO: '[3]CDEL Grant - Jan FO'!$G$12:$I$127
Name CDELSEPTFO: '[3]CDEL Grant - Sept FO'!$F$8:$H$113
Name Cities: [1]Lists!$B$6:$B$8
Name DCLG: '[4]Headcount Delegations'!$B$29:$Q$29
Name DEMANDBUDGET: '[3]Danny - Demand led info'!$A$2:$C$18
Name DEMANDLED: '[3]Demand led programmes'!$G$7:$I$23
Name DGPACK: '[3]Challenge Pack - RDEL'!$G$5:$N$241
Name DGPACKCDEL: '[3]CDEL - Budgets '!$G$5:$I$195
Name DGPACKFT: '[3]CDEL FT - Budgets'!$D$4:$L$37
Name Dir: [5]LOOKUP!$D:$E
Name Dropdown: [2]Sheet5!$A$1:$A$3
Name DropdownRAG: [2]Sheet5!$C$1:$C$3
Name dsfsed: '[1]% reductions'!#REF!
Name ERDF: [1]Lists!$B$9:$B$15
Name Finance: [1]Lists!$B$16:$B$27
Name Grade: [5]LOOKUP!$A:$B
Name Housing: [1]Lists!$B$38:$B$51
Name Housing_Supply: [1]Lists!$B$55:$B$59
Name HousingStandards: [1]Lists!$B$38:$B$46
Name HousingSupply: [1]Lists!$B$47:$B$51
Name HS_Planning: [1]Lists!$B$38:$B$54
Name ICR: [1]Lists!$B$52:$B$56
Name IRC: [1]Lists!$B$60:$B$64
Name JANFO: '[3]RDEL - Jan FO'!$H$9:$I$247
Name Leaver: [6]VLOOKUP!$A:$E
Name LEGALCOMMITMENT: '[3]Danny - RDEL info'!$G$9:$L$199
Name LG: [1]Lists!$B$65:$B$81
Name LGFinance: [1]Lists!$B$57:$B$66
Name LGPolicy: [1]Lists!$B$67:$B$81
Name LLT: '[4]Headcount Delegations'!$C$21:$Q$21
Name Localism: '[4]Headcount Delegations'!$C$4:$Q$10
Name Neighbourhoods: '[4]Headcount Delegations'!$C$12:$Q$17
Name NEWCHALL: '[3]Challenge Pack - RDEL'!$G$5:$H$245
Name Other: '[4]Headcount Delegations'!$B$28+'[4]Headcount Delegations'!$D$28:$Q$28:'[4]Headcount Delegations'!$Q$28
Name Planning: [1]Lists!$B$88:$B$95
Name RDEL: '[3]Danny - RDEL info'!$D$5:$AP$200
Name SCPO: [1]Lists!$B$96:$B$108
Name SEPFO: '[3]RDEL - Sept FO'!$G$9:$I$175
Name SPO: '[4]Headcount Delegations'!$C$23:$Q$26
Name Summary: '[1]% reductions'!#REF!
Name TRA: [5]LOOKUP!$J$1:$K$38
Name TroubledFamilies: [1]Lists!$B$109:$B$110

Sheet Table B 
A1: Table B: how DEL funding plans for 2020-21
B3: MHCLG (£ million)
B4: Admin | C4: Programme | D4: Communities Resource DEL total | E4: Local Government Resource DEL | F4: Capital DEL
A6: SR 2020 | B6: 300 | C6: 2000.5 | D6: =SUM(B6:C6) -> 2300.5 | E6: 17470.529 | F6: 7797.65
B8: =SUM(B6:B6) -> 300 | C8: =SUM(C6:C6) -> 2000.5 | D8: =SUM(D6:D6) -> 2300.5 | E8: =SUM(E6:E6) -> 17470.529 | F8: =SUM(F6:F6) -> 7797.65
A10: Additional, new, money awarded since SR 2020:-
A12: Spring Budget 2020
A13: Changing Futures | B13: 0.98 | C13: 17.17 | D13: =SUM(B13:C13) -> 18.15 | F13: 0.75
A14: Place Based Solutions | B14: 0.726 | C14: 1.935 | D14: =SUM(B14:C14) -> 2.661
A16: Spring Budget 2021
A17: Respite Rooms | C17: 1.95 | D17: =SUM(B17:C17) -> 1.95 | F17: 0.15
A18: Capacity Funding for LUP, COF, Freeports | B18: 12.5 | D18: =SUM(B18:C18) -> 12.5
A20: Reserve claims
A21: Rough Sleeping Covid-19 (Omicron) Response Fund | C21: ='Supps Control Totals'!E67 -> 24.9 | D21: =SUM(B21:C21) -> 24.9
A22: Reserve Claim in respect of Covid-19 Additional Relief Fund | E22: 1500
A23: Reserve Claim in respect of New Council tax mearsures | E23: 3061.88
A25: Surrenders
A26: Respite Rooms | B26: ='Supps Control Totals'!B119 -> 0 | C26: ='Supps Control Totals'!E119 -> -0.049 | D26: =SUM(B26:C26) -> -0.049 | F26: ='Supps Control Totals'!I119+'Supps Control Totals'!J119 -> 0
A27: Government Property Agency rental costs | B27: ='Supps Control Totals'!B120 -> -0.762 | C27: ='Supps Control Totals'!E120 -> 0 | D27: =SUM(B27:C27) -> -0.762 | F27: ='Supps Control Totals'!I120+'Supps Control Totals'!J120 -> 0
A28: UK Community Renewal Fund | B28: ='Supps Control Totals'!B121 -> 0 | C28: ='Supps Control Totals'!E121 -> -45 | D28: =SUM(B28:C28) -> -45 | F28: ='Supps Control Totals'!I121+'Supps Control Totals'!J121 -> 0
A29: CDEL Grant Surrenders | B29: ='Supps Control Totals'!B122 -> 0 | C29: ='Supps Control Totals'!E122 -> 0 | D29: =SUM(B29:C29) -> 0 | F29: ='Supps Control Totals'!I122+'Supps Control Totals'!J122 -> -888
A30: CDEL FT Surrenders | B30: ='Supps Control Totals'!B123 -> 0 | C30: ='Supps Control Totals'!E123 -> 0 | D30: =SUM(B30:C30) -> 0 | F30: ='Supps Control Totals'!I123+'Supps Control Totals'!J123 -> -71.605
A33: Estimating, forecasting and reprofiling changes:-
A35: Supplementary Estimate 2020/21 - Budget Exchanges
A36: HCA Housing Supply: Estate Regeneration | F36: 17.909
A37: HCA Home Building Fund: Short Term Iinvestment Fund | F37: 105
A38: HCA Home Building Fund: Long Term Iinvestment Fund | F38: 17.6
A39: Changing Places | F39: 30
A40: Devolution Deals | F40: 45
A41: Towns Regeneration | F41: 20
A42: Housing Infrastructure Fund | F42: 50
A43: Cladding Remediation | F43: 20.437
A44: Local Growth Fund | F44: -46.5
A45: Oxfordshire Housing Deals | F45: 21.25
A46: ACM Remediation | F46: 76
A47: Brownfield Housing Fund | F47: 9.5
... A52: HCA Move On Fund | F52: 6.726
A54: Supplementary Estimate 2021/22 - Budget Exchanges
A55: Housing Flexibilities | F55: ='Supps Control Totals'!I112 -> -500
A56: Budget Exchanges various capital programmes | F56: ='Supps Control Totals'!I113 -> -101
A58: Neutral funding changes between departments:-
A60: Budget Cover Transfers
A61: Special Advisors - CO | B61: -0.306 | D61: =SUM(B61:C61) -> -0.306
A62: New Homes Bonus - Local Government (MHCLG) | C62: 622.274 | D62: =SUM(B62:C62) -> 622.274
A63: Devolution Deals - BEIS | C63: 10 | D63: =SUM(B63:C63) -> 10
A64: Local Enterprise Partnerships Core Funding - BEIS | C64: 9.54 | D64: =SUM(B64:C64) -> 9.54
A65: Devolution Deals - DfT | C65: 5 | D65: =SUM(B65:C65) -> 5
A66: Historic England - DCMS | C66: -0.025 | D66: =SUM(B66:C66) -> -0.025
A67: Brownfield Land Release Fund - CO | C67: -1.28 | D67: =SUM(B67:C67) -> -1.28
A68: Building Safety Regulator - DWP | C68: -19.3 | D68: =SUM(B68:C68) -> -19.3
A69: Geospatial - CO | F69: -16.13
A70: Building Safety Regulator - DWP | F70: -1.3
A71: Transfer to CO for SpAds - from DLUHC to CO | B71: ='Supps Control Totals'!B77 -> -0.179 | C71: ='Supps Control Totals'!E77 -> 0 | D71: =SUM(B71:C71) -> -0.179 | F71: ='Supps Control Totals'!I77+'Supps Control Totals'!J77 -> 0
A72: Transfer to CO for Government Consulting Hub - from DLUHC to CO | B72: ='Supps Control Totals'!B78 -> -0.195 | C72: ='Supps Control Totals'!E78 -> 0 | D72: =SUM(B72:C72) -> -0.195 | F72: ='Supps Control Totals'!I78+'Supps Control Totals'!J78 -> 0
A73: EU Border Infrastructure consultancy costs - from HMRC to DLUHC | B73: ='Supps Control Totals'!B79 -> 0 | C73: ='Supps Control Totals'!E79 -> 0.033 | D73: =SUM(B73:C73) -> 0.033 | F73: ='Supps Control Totals'!I79+'Supps Control Totals'!J79 -> 0
A74: EU Border Infrastructure consultancy costs - from DFT to DLUHC | B74: ='Supps Control Totals'!B80 -> 0 | C74: ='Supps Control Totals'!E80 -> 0.058 | D74: =SUM(B74:C74) -> 0.058 | F74: ='Supps Control Totals'!I80+'Supps Control Totals'!J80 -> 0
A75: Growing up Well (Linked to troubled Families) - from DFE to DLUHC | B75: ='Supps Control Totals'!B81 -> 0.04 | C75: ='Supps Control Totals'!E81 -> 0 | D75: =SUM(B75:C75) -> 0.04 | F75: ='Supps Control Totals'!I81+'Supps Control Totals'!J81 -> 0
A76: Data Improvement Programe - from DFE to DLUHC | B76: ='Supps Control Totals'!B82 -> 0.05 | C76: ='Supps Control Totals'!E82 -> 0 | D76: =SUM(B76:C76) -> 0.05 | F76: ='Supps Control Totals'!I82+'Supps Control Totals'!J82 -> 0
A77: Substance Misuse Programme Evaluation - from DLUHC to DHSC | B77: ='Supps Control Totals'!B83 -> 0 | C77: ='Supps Control Totals'!E83 -> 0 | D77: =SUM(B77:C77) -> 0 | F77: ='Supps Control Totals'!I83+'Supps Control Totals'!J83 -> -0.266
A78: Great Crested Newts - from DLUHC to DEFRA | B78: ='Supps Control Totals'!B84 -> 0 | C78: ='Supps Control Totals'!E84 -> -1.852 | D78: =SUM(B78:C78) -> -1.852 | F78: ='Supps Control Totals'!I84+'Supps Control Totals'!J84 -> 0
A79: Data Improvement Programe - from DFE to DLUHC | B79: ='Supps Control Totals'!B85 -> 0 | C79: ='Supps Control Totals'!E85 -> 3.9 | D79: =SUM(B79:C79) -> 3.9 | F79: ='Supps Control Totals'!I85+'Supps Control Totals'!J85 -> 0
A80: Cyber Resilience - from LG DEL to Main DEL | B80: ='Supps Control Totals'!B86 -> 0 | C80: ='Supps Control Totals'!E86 -> 16 | D80: =SUM(B80:C80) -> 16 | E80: -16 | F80: ='Supps Control Totals'!I86+'Supps Control Totals'!J86 -> 0
A81: Substance Misuse Programme - from DLUHC to DHSC | B81: ='Supps Control Totals'!B87 | C81: ='Supps Control Totals'!E87 -> -29.791 | D81: =SUM(B81:C81) -> -29.791 | F81: ='Supps Control Totals'!I87+'Supps Control Totals'!J87 -> 0
A82: Offenders Accommodation Pilot - from DLUHC to MOJ | B82: ='Supps Control Totals'!B88 -> 0 | C82: ='Supps Control Totals'!E88 -> -0.28 | D82: =SUM(B82:C82) -> -0.28 | F82: ='Supps Control Totals'!I88+'Supps Control Totals'!J88 -> 0
A83: BOLD programme - from MoJ to DLUHC | B83: ='Supps Control Totals'!B89 -> 0.123 | C83: ='Supps Control Totals'!E89 -> 0 | D83: =SUM(B83:C83) -> 0.123 | F83: ='Supps Control Totals'!I89+'Supps Control Totals'!J89 -> 0
A84: Building Safety Regulator | B84: ='Supps Control Totals'!B90 -> 0 | C84: ='Supps Control Totals'!E90 -> 0.27 | D84: =SUM(B84:C84) -> 0.27 | F84: ='Supps Control Totals'!I90+'Supps Control Totals'!J90 -> 0.93
A85: HIF A5 Project - from DLUCH to DfT | B85: ='Supps Control Totals'!B91 -> 0 | C85: ='Supps Control Totals'!E91 -> 0 | D85: =SUM(B85:C85) -> 0 | F85: ='Supps Control Totals'!I91+'Supps Control Totals'!J91 -> -1.5
A86: Brownfield Land Release Fund - from DLUHC to to CO | B86: ='Supps Control Totals'!B92 -> 0 | C86: ='Supps Control Totals'!E92 -> -6.48 | D86: =SUM(B86:C86) -> -6.48 | F86: ='Supps Control Totals'!I92+'Supps Control Totals'!J92 -> 0
A87: HS2 study, DfT budget cover transfer to DLUHC | B87: ='Supps Control Totals'!B93 -> 0 | C87: ='Supps Control Totals'!E93 -> 0.177 | D87: =SUM(B87:C87) -> 0.177 | F87: ='Supps Control Totals'!I93+'Supps Control Totals'!J93 -> 0
A88: By-election non-voted consolidated fund - transfer from CO to DLUHC | B88: ='Supps Control Totals'!B94 -> 0 | C88: ='Supps Control Totals'!E94 -> 6.5 | D88: =SUM(B88:C88) -> 6.5 | F88: ='Supps Control Totals'!I94+'Supps Control Totals'!J94 -> 0
A89: Cash Management Scheme - HMT | B89: ='Supps Control Totals'!B128 -> 0.023 | D89: =SUM(B89:C89) -> 0.023
A91: Machinery of Government Transfer of Functions
A92: MoG from Cabinet office - Corporate Overheads | B92: ='Supps Control Totals'!B132 -> 1.843 | C92: ='Supps Control Totals'!E132 -> 0 | D92: =SUM(B92:C92) -> 1.843
A93: MoG from Cabinet office - Transfer of Functions | B93: ='Supps Control Totals'!B133 -> 10.118 | C93: ='Supps Control Totals'!E133 -> 28.823 | D93: =SUM(B93:C93) -> 38.941
A94: MoG from Cabinet office - Union Campaign | B94: ='Supps Control Totals'!B134 -> 0 | C94: ='Supps Control Totals'!E134 -> 5 | D94: =SUM(B94:C94) -> 5
A95: MoG from Cabinet office - Transfer of Functions -Non-voted CF | B95: ='Supps Control Totals'!B135 -> 0 | C95: ='Supps Control Totals'!E135 -> 84.4 | D95: =SUM(B95:C95) -> 84.4
A97: Other funding transfers
A98: Building Safety Regulator - DWP | F98: ='Supps Control Totals'!I72 -> 90.828
A99: Decrease from DLUHC Local Government to HM Treasury for Covid 19 BR Reliefs | E99: -274.394
A100: Decrease from DLUHC Local Government to HM Treasury for Sales, Fees and Charges | E100: -75
A101: Decrease from DLUHC Local Government to HM Treasury for TIG | E101: -191.298
A102: Decrease from DLUHC Local Government to HM Treasury for PFI | E102: -0.923
A103: Decrease from DLUHC Local Government to HM Treasury for City of London Offset | E103: -12.064
A104: Decrease from DLUHC Local Government to HM Treasury for LG DEL Contingency | E104: -7.786
A105: Decrease from DLUHC Local Government and Communities to HM Treasury for Safety Net | E105: -1.398
A107: Depreciation | B107: 20 | C107: 7.55 | D107: =SUM(B107:C107) -> 27.55
A109: 2021-22 Main Estimates DEL Totals as at April 2021 | B109: =SUM(B8:B108) -> 344.961 | C109: =SUM(C8:C108) -> 2741.923 | D109: =SUM(D8:D108) -> 3086.884 | E109: =SUM(E8:E108) -> 21453.546 | F109: =SUM(F8:F108) -> 7351.582
B111: ='Supps Control Totals'!B139+'Supps Control Totals'!D139 -> 344.961 | C111: ='Supps Control Totals'!E139+'Supps Control Totals'!F139 -> 2741.923 | D111: =SUM(B111:C111) -> 3086.884 | E111: 21453.546 | F111: ='Supps Control Totals'!I139+'Supps Control Totals'!J139 -> 7351.582
B113: =B109-B111 -> 0 | C113: =C109-C111 -> 0 | D113: =D109-D111 -> 0 | E113: =E109-E111 -> 0 | F113: =F109-F111 -> 0

Sheet Supps Control Totals
A1: 21/22 Supps Estimate
B2: £m | I2: £m | M2: £m | O2: £m
B3: RDEL Admin | D3: RDEL Admin depn | E3: RDEL programme | F3: RDEL programme depn | G3: TOTAL RDEL | I3: CDEL Grant | J3: CDEL FT | K3: TOTAL | M3: AME | O3: LG DEL
A4: MAINS BUDGET
A5: Budget on OSCAR already
A6: Pre Supps 20/21 reprofiles | G6: =SUM(B6:F6) -> 0 | I6: 36.99 | J6: 267 | K6: =SUM(I6:J6) -> 303.99
A7: Reprofiles at Supps 20/21 | G7: =SUM(B7:F7) -> 0 | I7: 841.013 | J7: 140.509 | K7: =SUM(I7:J7) -> 981.522
A8: PSL reprofile | G8: =SUM(B8:F8) -> 0 | I8: 59.553 | K8: =SUM(I8:J8) -> 59.553
A9: Reserve claims: | G9: =SUM(B9:F9) -> 0 | K9: =SUM(I9:J9) -> 0
A10: Admin - Staff Costs | B10: 0.8
A11: Rough Sleeping - Accomodation | E11: 31 | I11: 95
A12: Rough Sleeping - Substance Misuse | E12: 52
A13: Multiple Complex Needs | E13: 19.2
A14: Devolution Deals | E14: 28.5 | I14: 9.5
A15: Affordable Homes | I15: 2000
A16: Local Growth | I16: 250
A17: Brownfield | I17: 80
G18: =SUM(B18:F18) -> 0 | K18: =SUM(I18:J18) -> 0
A19: Budgets to remove from OSCAR (old reserve claims & reprofiles superseded by SR bid) | G19: =SUM(B19:F19) -> 0 | K19: =SUM(I19:J19) -> 0
A20: Reserve Claims | B20: -0.8 | E20: -130.7 | G20: =SUM(B20:F20) -> -131.5 | I20: -2434.5 | K20: =SUM(I20:J20) -> -2434.5
A21: Pre-Supps reprofiles | G21: =SUM(B21:F21) -> 0 | I21: =-I6 -> -36.99 | J21: =-J6 -> -267 | K21: =SUM(I21:J21) -> -303.99
G22: =SUM(B22:F22) -> 0 | K22: =SUM(I22:J22) -> 0
A23: Revised OSCAR figures | B23: =SUM(B6:B22) -> 0 | D23: =SUM(D6:D22) -> 0 | E23: =SUM(E6:E22) -> 0 | F23: =SUM(F6:F22) -> 0 | G23: =SUM(B23:F23) -> 0 | I23: =SUM(I6:I22) -> 900.566 | J23: =SUM(J6:J22) -> 140.509 | K23: =SUM(I23:J23) -> 1041.075 | M23: =SUM(M6:M22) -> 0
G24: =SUM(B24:F24) -> 0 | I24: 3372
A25: CONTROL TOTAL @ SR20 Settlement Letter - App2 | B25: 300 | D25: 20 | E25: 1800.5 | F25: 7.55 | G25: =SUM(B25:F25) -> 2128.05 | I25: 5008.65 | J25: 2769 | K25: =SUM(I25:J25) -> 7777.65
G26: =SUM(B26:F26) -> 0
A27: UKSPF - agreed at SR | E27: 200 | G27: =SUM(B27:F27) -> 200 | I27: 20 | K27: =SUM(I27:J27) -> 20
G28: =SUM(B28:F28) -> 0 | K28: =SUM(I28:J28) -> 0
A29: Budget measures (March 2021) | G29: =SUM(B29:F29) -> 0 | K29: =SUM(I29:J29) -> 0
A30: Respite Rooms | E30: 1.95 | G30: =SUM(B30:F30) -> 1.95 | I30: 0.15 | K30: =SUM(I30:J30) -> 0.15
A31: Capacity funding for LUF/COF/freeports | B31: 12.5 | G31: =SUM(B31:F31) -> 12.5 | K31: =SUM(I31:J31) -> 0
A33: Shared Outcomes Fund (21/22 allocations) | G33: =SUM(B33:F33) -> 0 | K33: =SUM(I33:J33) -> 0
A34: Changing Futures (formally Multiple Complex Needs) | B34: 0.98 | E34: 17.17 | G34: =SUM(B34:F34) -> 18.15 | I34: 0.75 | K34: =SUM(I34:J34) -> 0.75
A35: Place-based Solutions | B35: 0.726 | E35: 1.935 | G35: =SUM(B35:F35) -> 2.661 | K35: =SUM(I35:J35) -> 0
G36: =SUM(B36:F36) -> 0 | K36: =SUM(I36:J36) -> 0
A37: Total additional measures | B37: =SUM(B29:B36) -> 14.206 | E37: =SUM(E28:E36) -> 21.055 | G37: =SUM(G28:G36) -> 35.261 | I37: =SUM(I28:I36) -> 0.9 | J37: =SUM(J28:J36) -> 0 | K37: =SUM(K28:K36) -> 0.9 | M37: =SUM(M28:M36) -> 0
A39: AME budget - MHCLG | M39: 1695.91
A40: AME budget - LG
A41: LG DEL budget | O41: =17470.529-17470.529 -> 0
A43: Mains Control Totals 21/22 (excluding BCT's) | B43: =B23+B25+B37+B27 -> 314.206 | D43: =D23+D25+D37+D27 -> 20 | E43: =E23+E25+E37+E27 -> 2021.555 | F43: =F23+F25+F37+F27 -> 7.55 | G43: =G23+G25+G37+G27 -> 2363.311 | I43: =I23+I25+I37+I27 -> 5930.116 | J43: =J23+J25+J37+J27 -> 2909.509 | K43: =K23+K25+K37+K27 -> 8839.625 | M43: =M23+M25+M37+M27+M39+M40+M41 -> 1695.91 | O43: =O23+O25+O37+O27+O39+O40+O41 -> 0
A45: BCTs
A46: Transfer to CO for SpAds costs - CO | B46: -0.306 | K46: =SUM(I46:J46) -> 0
A47: Troubled Families - DfE (now Supps) | K47: =SUM(I47:J47) -> 0
A48: Data Improvement - DfE (now Supps) | K48: =SUM(I48:J48) -> 0
A49: Historic England - DCMS | E49: -0.025 | K49: =SUM(I49:J49) -> 0
A50: Devolution Deals - DfT | E50: 5 | K50: =SUM(I50:J50) -> 0
A51: Devolution Deals - BEIS | E51: 10 | K51: =SUM(I51:J51) -> 0
A52: LEP core funding - BEIS | E52: 9.54 | K52: =SUM(I52:J52) -> 0
A53: Brownfield Land Release Fund - CO | E53: -1.28 | K53: =SUM(I53:J53) -> 0
A54: Data Improvement - DfE (now Supps) | K54: =SUM(I54:J54) -> 0
A55: Building Safety Regulator - DWP | E55: -19.3 | I55: -1.3 | K55: =SUM(I55:J55) -> -1.3
A56: Cyber Resilience - LG DEL | K56: =SUM(I56:J56) -> 0
A57: New Homes Bonus - LG DEL | E57: 622.274 | K57: =SUM(I57:J57) -> 0
A58: Geospatial - CO | I58: -16.13 | K58: =SUM(I58:J58) -> -16.13
K59: =SUM(I59:J59) -> 0
K60: =SUM(I60:J60) -> 0
A61: Total BCTs | B61: =SUM(B46:B60) -> -0.306 | D61: =SUM(D46:D60) -> 0 | E61: =SUM(E46:E60) -> 626.209 | F61: =SUM(F46:F60) -> 0 | G61: =SUM(B61:F61) -> 625.903 | I61: =SUM(I46:I60) -> -17.43 | J61: =SUM(J46:J60) -> 0 | K61: =SUM(I61:J61) -> -17.43 | M61: =SUM(M46:M60) -> 0 | O61: =SUM(O46:O60) -> 0
A63: Mains Control Totals 21/22 (including BCT's) | B63: =B43+B61 -> 313.9 | C63: =C43+C61 -> 0 | D63: =D43+D61 -> 20 | E63: =E43+E61 -> 2647.764 | F63: =F43+F61 -> 7.55 | G63: =G43+G61 -> 2989.214 | H63: =H43+H61 -> 0 | I63: =I43+I61 -> 5912.686 | ... M63: =M43+M61 -> 1695.91 | O63: =O43+O61 -> 0
A65: SUPPS BUDGET
A66: Reserve Claims
A67: Rough Sleeping Covid-19 (Omicron) Response Fund | E67: 24.9 | G67: =SUM(B67:F67) -> 24.9
G68: =SUM(B68:F68) -> 0 | K68: =SUM(I68:J68) -> 0
A69: TOTAL RESERVE CLAIMS | B69: =SUM(B67:B68) -> 0 | D69: =SUM(D67:D68) -> 0 | E69: =SUM(E67:E68) -> 24.9 | F69: =SUM(F67:F68) -> 0 | G69: =SUM(G67:G68) -> 24.9 | I69: =SUM(I67:I68) -> 0 | J69: =SUM(J67:J68) -> 0 | K69: =SUM(K67:K68) -> 0 | M69: =SUM(M67:M68) -> 0
A71: Switches
A72: Single Land Programme | I72: =90+0.828 -> 90.828 | K72: =SUM(F72:J72) -> 90.828
G73: =SUM(B73:F73) -> 0 | K73: =SUM(F73:J73) -> 0
A74: TOTAL SWITCHES | B74: =SUM(B72:B73) -> 0 | D74: =SUM(D72:D73) -> 0 | E74: =SUM(E72:E73) -> 0 | F74: =SUM(F72:F73) -> 0 | G74: =SUM(G72:G73) -> 0 | I74: =SUM(I72:I73) -> 90.828 | J74: =SUM(J72:J73) -> 0 | K74: =SUM(K72:K73) -> 90.828 | M74: =SUM(M72:M73) -> 0
A76: BCTs
A77: Transfer to CO for SpAds - from DLUHC to CO | B77: -0.179 | G77: =SUM(B77:F77) -> -0.179 | K77: =SUM(I77:J77) -> 0
A78: Transfer to CO for Government Consulting Hub - from DLUHC to CO | B78: -0.195 | G78: =SUM(B78:F78) -> -0.195
A79: EU Border Infrastructure consultancy costs - from HMRC to DLUHC | E79: 0.033 | G79: =SUM(B79:F79) -> 0.033 | K79: =SUM(I79:J79) -> 0
A80: EU Border Infrastructure consultancy costs - from DFT to DLUHC | E80: 0.058 | G80: =SUM(B80:F80) -> 0.058 | K80: =SUM(I80:J80) -> 0
A81: Growing up Well (Linked to troubled Families) - from DFE to DLUHC | B81: 0.04 | G81: =SUM(B81:F81) -> 0.04 | K81: =SUM(I81:J81) -> 0
A82: Data Improvement Programe - from DFE to DLUHC | B82: 0.05 | G82: =SUM(B82:F82) -> 0.05 | K82: =SUM(I82:J82) -> 0
A83: Substance Misuse Programme Evaluation - from DLUHC to DHSC | G83: =SUM(B83:F83) -> 0 | I83: -0.266 | K83: =SUM(I83:J83) -> -0.266
A84: Great Crested Newts - from DLUHC to DEFRA | E84: -1.852 | G84: =SUM(B84:F84) -> -1.852 | K84: =SUM(I84:J84) -> 0
A85: Data Improvement Programe - from DFE to DLUHC | E85: 3.9 | G85: =SUM(B85:F85) -> 3.9 | K85: =SUM(I85:J85) -> 0
A86: Cyber Resilience - from LG DEL to Main DEL | E86: 16 | G86: =SUM(B86:F86) -> 16 | K86: =SUM(I86:J86) -> 0 | O86: =-16+16 -> 0
A87: Substance Misuse Programme - from DLUHC to DHSC | E87: -29.791 | G87: =SUM(B87:F87) -> -29.791 | K87: =SUM(I87:J87) -> 0
A88: Offenders Accommodation Pilot - from DLUHC to MOJ | E88: =-1.2+0.92 -> -0.28 | G88: =SUM(B88:F88) -> -0.28 | K88: =SUM(I88:J88) -> 0
A89: BOLD programme - from MoJ to DLUHC | B89: 0.123 | G89: =SUM(B89:F89) -> 0.123
A90: Building Safety Regulator - Recoup of Mains transfer no longer needed | E90: 0.27 | G90: =SUM(B90:F90) -> 0.27 | I90: 0.93 | K90: =SUM(I90:J90) -> 0.93
A91: HIF A5 Project - HIF topslice project being delivered by Highways England-from DLUCH to DfT | G91: =SUM(B91:F91) -> 0 | I91: -1.5 | K91: =SUM(I91:J91) -> -1.5
A92: Brownfield Land Release Fund - from DLUHC to to CO for OPE delivery costs | E92: -6.48 | G92: =SUM(B92:F92) -> -6.48 | K92: =SUM(I92:J92) -> 0
A93: HS2 study, DfT budget cover transfer to DLUHC, and then to be delegated to Homes England to fund a study related to HS2 - DfT to HE? | E93: 0.177 | G93: =SUM(B93:F93) -> 0.177 | K93: =SUM(I93:J93) -> 0
A94: Budget Cover Transfer from Cabinet office to DLUHC for the By-election, Non-voted Consolidated Fund | E94: 6.5 | G94: =SUM(B94:F94) -> 6.5
G95: =SUM(B95:F95) -> 0 | K95: =SUM(I95:J95) -> 0
A96: TOTAL BCTs | B96: =SUM(B77:B95) -> -0.161 | D96: =SUM(D77:D95) -> 0 | E96: =SUM(E77:E95) -> -11.465 | F96: =SUM(F77:F95) -> 0 | G96: =SUM(G77:G95) -> -11.626 | I96: =SUM(I77:I95) -> -0.836 | J96: =SUM(J77:J95) -> 0 | K96: =SUM(K77:K95) -> -0.836 | M96: =SUM(M77:M95) -> 0
A98: Additional Budget Requests
A99: Homes England Help To Buy Impairment - Other Financial Assets | M99: 116
A100: Affordable Housing Guarantees Impairment - Other Financial Assets | M100: 31.213
A101: Homes England - Housing Supply Long Term Investment Fund Impairment - Other Financial Assets | M101: 23
A102: The Regulator of Social Housing Pension Costs | M102: 3.825
A103: The Commission for Local Administration in England Pension Costs | M103: 1.75
A104: The Housing Ombudsman Pension Costs | M104: -3.427
A105: Homes England City Deals - Manchester City Deal Impairment - Other Financial Assets | M105: 2.2
A106: Utilisation of provisions | M106: -0.991
A107: Help to Buy - CDEL FT
G108: =SUM(B108:F108) -> 0 | K108: =SUM(I108:J108) -> 0
A109: TOTAL ADDITIONAL BUDGET REQUESTS | B109: =SUM(B108:B108) -> 0 | D109: =SUM(D108:D108) -> 0 | E109: =SUM(E108:E108) -> 0 | F109: =SUM(F108:F108) -> 0 | G109: =SUM(G108:G108) -> 0 | I109: =SUM(I108:I108) -> 0 | J109: =J107 -> 0 | K109: =SUM(K108:K108) -> 0 | M109: =SUM(M99:M108) -> 173.57
...
